 Dungeon Crawl Stone Soup version bcrawl-1.15.1-4-g77d781cab4 (webtiles) character file.

Game seed: 9728816418724425170

85618 Anmu the Eclecticist (level 15, -12/133 HPs)
             Began as a Fairy Conjurer on Oct 2, 2019.
             Was a High Priest of Sif Muna.
             Mangled by a wolf spider (14 damage)
             ... on level 1 of the Spider Nest on Oct 5, 2019.
             The game lasted 01:18:10 (19371 turns).

Anmu the Eclecticist (Fairy Conjurer)              Turns: 19371, Time: 01:18:11

Health: -12/133    AC: 19    Str:  8    XL:     15   Next: 84%
Magic:  13/39      EV:  3    Int: 25    God:    Sif Muna [*****.]
Gold:   2223       SH:  8    Dex: 19    Spells: 20/51 levels left

rFire    . . .     SeeInvis .   L - +8 trident of the Ancients {pierce, rN+ MR+}
rCold    . . .     Gourm    .   (shield currently unavailable)
rNeg     + + +     Faith    .   (armour unavailable)
rPois    +         Spirit   .   (helmet currently unavailable)
rElec    .         Reflect  .   (cloak currently unavailable)
rCorr    .         Harm     .   (gloves currently unavailable)
MR       ++...     Rnd*Rage +   (boots currently unavailable) Stlth ++........NoTele +
                                o - amulet of magic regeneration
HPRegen  0.32/turn              w - +6 ring of dexterity
MPRegen  0.51/turn              I - ring of wizardry

@: tree-form, corroded
A: small, magic attunement, unstealthy, unfitting armour, berserk 1, robust 1,
strong 1, AC/SH +8
a: Divine Energy, Channel Magic, Forget Spell, Renounce Religion


You were on level 1 of the Spider Nest.
You worshipped Sif Muna.
Sif Muna was extremely pleased with you.
You were not hungry.
You were a tree.
You visited 5 branches of the dungeon, and saw 19 of its levels.

You collected 2365 gold pieces.
You spent 142 gold pieces at shops.

Inventory:

Hand Weapons
 j - a +8 quarterstaff of chaos
 E - the +2 spear of the Chain {freeze, rPois}
   (You took it off an orc on level 7 of the Dungeon)

   It has been specially enchanted to freeze those struck by it, causing extra
   injury to most foes and up to half again as much damage against particularly
   susceptible opponents.
   It can also slow down cold-blooded creatures.
   It protects you from poison.
 L - the +8 trident of the Ancients (weapon) {pierce, rN+ MR+}
   (You found it on level 4 of the Lair of Beasts)

   It inflicts extra damage upon your enemies.
   It protects you from negative energy.
   It affects your resistance to hostile enchantments.
Armour
 h - a +1 pair of gloves of archery (melded)
 n - a +0 pair of boots (melded)
 B - a +2 hat (melded)
 N - a +1 cloak of magic resistance (melded)
Jewellery
 g - a +6 amulet of reflection
 o - an amulet of magic regeneration (around neck)
 r - a +4 ring of dexterity
 w - a +6 ring of dexterity (left branch)
 y - an uncursed ring of protection from cold
 F - an uncursed ring of see invisible
 I - a ring of wizardry (right branch)
 J - an uncursed ring of ice
Wands
 q - a wand of polymorph (6)
 u - a wand of random effects (4)
 z - a wand of iceblast (15)
 C - a wand of paralysis (11)
 G - a wand of disintegration (13)
Scrolls
 a - 8 scrolls of teleportation
 d - 5 scrolls of identify
 e - 4 scrolls of fog
 i - 6 scrolls of magic mapping
 p - 4 scrolls of fear
 t - 5 scrolls of amnesia
 v - 7 scrolls of remove curse
 x - 2 scrolls of immolation
Potions
 b - 3 potions of magic
 f - 2 potions of berserk rage
 l - 7 potions of curing
 m - 4 potions of agility
 D - 2 potions of haste
 H - 2 potions of brilliance
 K - a potion of resistance
Miscellaneous
 M - a phial of floods
Comestibles
 c - 31 rations {!d}


   Skills:
 * Level 16.1 Dodging
 + Level 4.1 Stealth
 + Level 18.8 Spellcasting
 + Level 18.3 Conjurations
 + Level 5.6 Charms
 + Level 0.2 Summonings
 + Level 1.3 Transmutations
 * Level 3.4 Fire Magic
 + Level 2.1 Ice Magic


You had 20 spell levels left.
You knew the following spells:

 Your Spells              Type           Power        Failure   Level  Hunger
a - Magic Dart            Conj           ####         0%          1    None
b - Iskenderun's Mystic   Conj           #######.     0%          3    None
c - Summon Butterflies    Summ           ###.....     1%          1    None
d - Ozocubu's Armour      Chrm/Ice       #####...     1%          3    None
e - Irradiate             Conj/Tmut      ######....   1%          5    None
f - Orb of Destruction    Conj           #######...   1%          7    None
g - Iskenderun's Battles  Conj/Chrm      ######..     1%          5    None
h - Bolt of Fire          Conj/Fire      ######....   1%          6    None

Your spell library contained the following spells:

 Spells                   Type           Power        Failure   Level  Hunger
 Searing Ray              Conj           ######       0%          2    None
 Animate Skeleton         Necr           N/A          1%          1    None
 Apportation              Tloc           ###...       1%          1    None
 Corona                   Hex            ###....      1%          1    None
 Infusion                 Chrm           ######..     1%          1    None
 Pain                     Necr           ###.         1%          1    None
 Sandblast                Erth           ###...       1%          1    None
 Slow                     Hex            ###.....     1%          1    None
 Sting                    Conj/Pois      ####         1%          1    None
 Blink                    Tloc           N/A          1%          2    None
 Call Imp                 Summ           ###.....     1%          2    None
 Ensorcelled Hibernation  Hex/Ice        ####..       1%          2    None
 Passwall                 Tmut/Erth      ####....     1%          2    None
 Shackle                  Hex            ###.....     1%          2    None
 Song of Slaying          Chrm           ######..     1%          2    None
 Sticks to Snakes         Tmut           ####....     1%          2    None
 Swiftness                Chrm/Air       #####...     1%          2    None
 Throw Frost              Conj/Ice       ######       1%          2    None
 Dazzling Spray           Conj/Hex       ######       1%          3    None
 Regeneration             Chrm/Necr      #####.....   1%          3    None
 Spectral Weapon          Hex/Chrm       #####...     1%          3    None
 Stone Arrow              Conj/Erth      ######       1%          3    None
 Fulminant Prism          Conj/Hex       ######....   1%          4    None
 Throw Icicle             Conj/Ice       ######..     1%          4    None
 Bolt of Draining         Conj/Necr      ######....   1%          5    None
 Bolt of Cold             Conj/Ice       ######....   1%          6    None
 Confuse                  Hex            ###.....     2%          3    None
 False Image              Hex/Summ       ###.....     2%          3    None
 Tukima's Dance           Hex            ###.....     2%          3    None
 Vampiric Draining        Necr           ###.......   2%          3    None
 Iron Shot                Conj/Erth      ######....   2%          6    None
 Poison Arrow             Conj/Pois      ######....   2%          6    None
 Animate Dead             Necr           N/A          9%          4    None
 Cause Fear               Hex            ###.......   9%          4    None
 Icicle Burst             Conj/Ice       ######....   11%         7    None
 Tree Form                Hex/Tmut       N/A          16%         5    None
 Spellforged Servitor     Conj/Summ      ######....   16%         7    None
 Statue Form              Tmut/Erth      ####.....    65%         6    None
 Infestation              Hex/Tmut/Pois  ####.....    67%         6    None
 Shadow Creatures         Summ           N/A          69%         6    None
 Borgnjor's Vile Clutch   Necr/Erth      ###.......   73%         6    None
 Darkness                 Hex            ###.......   73%         6    None
 Chain Lightning          Conj/Air       ######....   73%         8    None
 Lehudib's Crystal Spear  Conj/Erth      ######....   73%         8    None
 Glaciate                 Conj/Ice/Air   ######....   95%         8    None
 Dragon Form              Tmut           ####...      98%         7    None
 Controlled Blink         Tloc           N/A          100%        8    None
 Time Stop                Chrm/Tloc      N/A          100%        8    None
 Dragon's Call            Summ           ###.......   100%        9    None
 Fire Storm               Conj/Fire      ######....   100%        9    None
 Shatter                  Erth           ###.......   100%        9    None


Dungeon Overview and Level Annotations

Branches:
Dungeon (10/12)            Temple (1/1) D:7            Lair (6/6) D:7
  Swamp (0/3) Lair:3       Spider (1/3) Lair:2        Slime (0/5) Lair:6
    Orc (1/1) D:9             Elf (0/3) Orc

Altars:
Ashenzari
Cheibriados
Dithmenos
Elyvilon
Fedhas
Gozag
Hepliaklqana
Kikubaaqudgha
Lugonu
Makhleb
Nemelex Xobeh
Okawaru
Qazlal
Ru
Sif Muna
Trog
Uskayaw
Vehumet
Wu Jian
Xom
Yredelemnul
Zin
The Shining One

Shops:
D:5 [   D:6 [*%   D:7 %   D:8 **   D:9 (   D:10 :}?   Orc *%[[[

Portals:
Trove: D:10 (give 6 potions of haste)

Annotations:
Spider:1 1 transporter


Innate Abilities, Weirdness & Mutations

Your spells do not cause hunger and MP costs are reduced by 1.
Your bright wings attract enemies. (Stealth-)
You cannot fit into any form of body armour.
((Your shimmering scales are hard and can block incoming attacks. (AC +8, SH +8)))
You are small and have problems with some larger weapons.
((You can fly continuously.))
You tend to lose your temper in combat.
You are robust. (+10% HP)
Your muscles are strong. (Str +2)


Message History

* * * LOW HITPOINT WARNING * * *
Really quaff the potion of lignification?
You turn into a tree.
Your +1 cloak of magic resistance melds into your body.
Your +2 hat melds into your body.
Your +1 pair of gloves of archery melds into your body.
Your +0 pair of boots melds into your body.
You feel less resistant to hostile enchantments.
Your aim is not that steady anymore.
Your roots penetrate the ground.
The tarantella bites you but does no damage.
The emperor scorpion stings you!
* * * LOW HITPOINT WARNING * * *
You block the emperor scorpion's attack.
The emperor scorpion claws you but does no damage.
The demonic crawler completely misses you.
The demonic crawler hits you but does no damage.
The demonic crawler hits you!
* * * LOW HITPOINT WARNING * * *
The wolf spider hits you!
You die...

.............................#.[.
.................................
..............#......#...........
#...#............................
.........#..#.....#..............
.....................)..........<
..........#####.©.#####..(...#...
...#.....##...#####s..##.........
........##....ss♣ss....##........
........#...#..sss..#...#........
........# ###.###.###.s#........
....†.#.# ..#.. s.#...#........
..#..(..##.... ....s##..#.....
.........#.###. #.###.#.........
.......(.#...s. .sss.s#.........
....)....#s.#.. ..#.a#.........
........##.###.###s###.##........


You could see 2 emperor scorpions, a demonic crawler, 2 wolf spiders, 2 orb
spiders, a jumping spider and a tarantella.

Vanquished Creatures
  Saint Roka (Orc)
  Asterion (Spider:1)
  3 entropy weavers (Spider:1)
  Josephine (Spider:1)
  A fire dragon (Lair:6)
  7 hydras
  Fannar (Lair:3)
  2 catoblepae
  2 two-headed ogres
  A centaur warrior (D:7)
  A fire crab (Lair:5)
  The ghost of endorz the Slicer, a novice VSFi of Uskayaw (D:8)
  A lindwurm (Lair:6)
  4 orc knights
  An orc sorcerer (D:9)
  3 cyclopes
  2 orb spiders (Spider:1)
  9 wolf spiders (Spider:1)
  A manticore (D:10)
  3 ugly things
  A black mamba (Lair:6)
  17 elephants
  Joseph (D:8)
  A centaur zombie (D:9)
  The ghost of dscm the Thaumaturge, a novice FeSA of Cheibriados (Lair:1)
  3 molten gargoyles (Lair:6)
  11 cane toads
  A gargoyle (D:8)
  5 demonic crawlers (Spider:1)
  A yaktaur (D:8)
  A rime drake (Lair:4)
  11 komodo dragons
  11 jumping spiders
  3 trolls
  A hornet (D:10)
  A polar bear (Lair:3)
  23 blink frogs
  4 bog bodies (Lair:3)
  9 hippogriffs
  6 dream sheep (Lair:5)
  16 redbacks
  2 tarantellas (Spider:1)
  6 wraiths
  44 yaks
  6 wyverns
  A hungry ghost (D:6)
  5 basilisks
  4 vampire mosquitoes (D:10)
  2 steam dragons (Lair:6)
  An acid dragon (Lair:2)
  5 wargs
  12 porcupines
  9 water moccasins
  3 hell hounds (Lair:6)
  4 sky beasts
  3 ice beasts
  36 orc warriors
  Purgy (D:3)
  2 necrophages
  12 ogres
  7 black bears
  8 phantoms
  7 wolves
  14 centaurs
  15 bullfrogs
  13 crocodiles
  3 big kobolds
  A gnoll sergeant (D:6)
  A water moccasin skeleton (D:9)
  3 scorpions
  An electric eel (Lair:3)
  A wight (D:6)
  3 howler monkeys (D:10)
  8 crimson imps
  5 lava snakes (Lair:6)
  2 bullfrog zombies
  A quasit (D:8)
  7 jellies
  3 hounds
  Crazy Yiuf (D:2)
  A bullfrog skeleton (D:6)
  10 orc priests
  14 orc wizards
  3 centaur skeletons
  2 iguanas
  Terence (D:2)
  Ijyb (D:3)
  4 hell rats (Lair:5)
  7 worker ants
  A killer bee zombie (D:4)
  2 hound zombies
  Robin (D:3)
  A worker ant zombie (D:7)
  12 adders
  3 river rats (Lair:5)
  4 shadow imps
  7 oozes
  An adder zombie (D:6)
  2 adder skeletons (D:4)
  3 worms
  4 dart slugs
  7 leopard geckos
  69 orcs
  2 ball pythons (D:3)
  5 bats
  A giant cockroach (D:3)
  17 goblins
  13 hobgoblins
  12 jackals
  4 quokkas
  6 frilled lizards
  A jackal zombie (D:6)
  18 kobolds
  13 rats
  4 plants
692 creatures vanquished.

Vanquished Creatures (others)
  A rime drake (Lair:6)
  A blink frog (Lair:6)
  A crocodile (Lair:6)
  11 fungi
  9 plants
23 creatures vanquished.

Grand Total: 715 creatures vanquished

Notes
Turn   | Place    | Note
-------+----------+-------------------------------------------
     0 | D:1      | Anmu the Fairy Conjurer began the quest for the Orb.
     0 | D:1      | Reached XP level 1. HP: 11/11 MP: 6/6
   170 | D:1      | Reached skill level 5 in Conjurations
   246 | D:1      | Reached XP level 2. HP: 17/17 MP: 7/7
   511 | D:2      | Found a blossoming altar of Fedhas.
   524 | D:2      | Reached XP level 3. HP: 12/21 MP: 7/9
   715 | D:2      | Noticed Terence
   723 | D:2      | Killed Terence
   723 | D:2      | Reached XP level 4. HP: 27/27 MP: 11/11
   876 | D:2      | Reached XP level 5. HP: 30/31 MP: 11/13
   881 | D:2      | Learned a level 3 spell: Iskenderun's Mystic Blast
   937 | D:2      | Found a runed door.
   941 | D:2      | Noticed Crazy Yiuf
   943 | D:2      | Killed Crazy Yiuf
  1199 | D:3      | Noticed Robin
  1213 | D:3      | Killed Robin
  1356 | D:3      | Reached XP level 6. HP: 33/36 MP: 14/14
  1445 | D:3      | Found a sparkling altar of Nemelex Xobeh.
  1504 | D:3      | Noticed Ijyb
  1514 | D:3      | Killed Ijyb
  1673 | D:3      | Noticed a sky beast
  1678 | D:3      | Killed a sky beast
  1678 | D:3      | Reached skill level 5 in Spellcasting
  1783 | D:3      | Noticed Purgy
  1792 | D:3      | Killed Purgy
  1792 | D:3      | Reached skill level 5 in Dodging
  1792 | D:3      | Reached XP level 7. HP: 41/41 MP: 2/17
  2080 | D:4      | Found a bloodstained altar of Trog.
  2193 | D:4      | Found a sacrificial altar of Ru.
  2380 | D:4      | Found a burning altar of Makhleb.
  2589 | D:4      | Reached XP level 8. HP: 46/46 MP: 12/20
  2905 | D:4      | Found an ancient bone altar of Kikubaaqudgha.
  3155 | D:5      | Entered Level 5 of the Dungeon
  3299 | D:5      | Found a blossoming altar of Fedhas.
  3735 | D:5      | Reached XP level 9. HP: 50/51 MP: 17/23
  3819 | D:5      | Found Ecry's Antique Armour Boutique.
  3954 | D:6      | Reached skill level 10 in Conjurations
  4077 | D:6      | Found Zerion's Food Boutique.
  4133 | D:6      | Found Juenuleo's General Store.
  4210 | D:6      | Found a shimmering altar of Xom.
  4322 | D:6      | Reached skill level 10 in Spellcasting
  4333 | D:6      | Found Enwel's Antique Armour Emporium.
  4412 | D:6      | Found a white marble altar of Elyvilon.
  4564 | D:6      | Reached XP level 10. HP: 56/56 MP: 20/26
  4849 | D:6      | Learned a level 1 spell: Summon Butterflies
  4855 | D:6      | Learned a level 5 spell: Irradiate
  4895 | D:7      | Found a bloodstained altar of Trog.
  4968 | D:7      | Found Zobo's Food Boutique.
  5259 | D:7      | Reached skill level 10 in Dodging
  5373 | D:7      | Found a staircase to the Ecumenical Temple.
  5385 | Temple   | Entered the Ecumenical Temple
  5569 | Temple   | Became a worshipper of Sif Muna the Loreminder
  5653 | D:7      | Identified Theurgy, Part Two
  5758 | D:7      | Reached XP level 11. HP: 58/61 MP: 15/29
  5810 | D:7      | Noticed a centaur warrior
  5816 | D:7      | Killed a centaur warrior
  5945 | D:7      | Reached * piety under Sif Muna
  5977 | D:7      | Identified the +2 spear of the Chain {freeze, rPois}
  6175 | D:7      | Found a staircase to the Lair.
  6405 | D:8      | Noticed Joseph
  6411 | D:8      | Killed Joseph
  6518 | D:8      | Noticed a cyan ugly thing
  6523 | D:8      | Killed a cyan ugly thing
  6523 | D:8      | Identified Sif Muna's Handbook of the Glacier and the
                  | Escort (Sif Muna gifted it to you on level 8 of the
                  | Dungeon)
  6523 | D:8      | Received a gift from Sif Muna
  6616 | D:8      | Noticed endorz's ghost (novice VSFi)
  6628 | D:8      | Found a runed translucent gate.
  6628 | D:8      | Found a runed translucent gate.
  6628 | D:8      | Found a runed translucent gate.
  6978 | D:8      | Found Vepsod's Assorted Antiques.
  7319 | D:8      | Found Amomnex's General Store.
  7498 | D:8      | Learned a level 3 spell: Ozocubu's Armour
  7503 | D:8      | Killed endorz's ghost
  7672 | D:9      | Noticed a two-headed ogre
  7676 | D:9      | Killed a two-headed ogre
  7758 | D:9      | Found a hide-covered altar of Uskayaw.
  7806 | D:9      | Found Nitru's Antique Weapon Shoppe.
  7855 | D:9      | Noticed a cyclops
  7871 | D:9      | Killed a cyclops
  7874 | D:9      | Noticed a cyclops
  7882 | D:9      | Reached XP level 12. HP: 66/66 MP: 9/31
  7885 | D:9      | Reached ** piety under Sif Muna
  7887 | D:9      | Noticed an eight-headed hydra
  7943 | D:9      | Received a gift from Sif Muna
  7951 | D:9      | Learned a level 5 spell: Iskenderun's Battlesphere
  8012 | D:9      | Killed an eight-headed hydra
  8052 | D:9      | Reached skill level 1 in Charms
  8053 | D:9      | Found a staircase to the Orcish Mines.
  8125 | D:9      | Found a corrupted altar of Lugonu.
  8411 | D:9      | Gained mutation: Your muscles are strong. (Str +2) [potion
                  | of mutation]
  8411 | D:9      | Gained mutation: You tend to lose your temper in combat.
                  | [potion of mutation]
  8411 | D:9      | Gained mutation: You are robust. (+10% HP) [potion of
                  | mutation]
  8568 | D:9      | Found a glowing golden altar of the Shining One.
  8709 | D:10     | Entered Level 10 of the Dungeon
  8821 | D:10     | Found Difrergh's Magic Scroll Emporium.
  8972 | D:10     | Reached skill level 1 in Transmutations
  9328 | D:10     | Found Qookhutto's Gadget Shop.
  9519 | D:10     | Found a portal to a secret trove of treasure.
  9566 | D:10     | Noticed a two-headed ogre
  9575 | D:10     | Killed a two-headed ogre
  9662 | D:10     | Identified Sif Muna's Collected Works on Attacks (Sif Muna
                  | gifted it to you on level 10 of the Dungeon)
  9662 | D:10     | Received a gift from Sif Muna
  9674 | D:10     | Learned a level 7 spell: Orb of Destruction
  9777 | D:10     | Found Difrergh's Magic Scroll Emporium.
  9987 | D:10     | Found Qookhutto's Gadget Shop.
 10093 | D:10     | Found Fisauh's Book Shop.
 10778 | Lair:1   | Entered Level 1 of the Lair of Beasts
 10779 | Lair:1   | Upgraded the game from bcrawl-1.15.1 to
                  | bcrawl-1.15.1-4-g77d781cab4
 10985 | Lair:1   | Reached skill level 15 in Spellcasting
 10985 | Lair:1   | Reached skill level 15 in Conjurations
 11181 | Lair:1   | Reached XP level 13. HP: 78/78 MP: 22/34
 11238 | Lair:1   | Found a runed translucent gate.
 11239 | Lair:1   | Found a runed translucent gate.
 11239 | Lair:1   | Found a runed translucent gate.
 11239 | Lair:1   | Noticed dscm's ghost (novice FeSA)
 11356 | Lair:1   | Killed dscm's ghost
 11703 | Lair:2   | Found a hole to the Spider Nest.
 11846 | Lair:2   | Reached skill level 1 in Ice Magic
 12026 | Lair:2   | Reached *** piety under Sif Muna
 12026 | Lair:2   | Identified Sif Muna's Guide on Fetching Clay (Sif Muna
                  | gifted it to you on level 2 of the Lair of Beasts)
 12026 | Lair:2   | Received a gift from Sif Muna
 13071 | Lair:3   | Noticed Fannar
 13074 | Lair:3   | Killed Fannar
 13353 | Lair:3   | Reached XP level 14. HP: 83/83 MP: 29/36
 13367 | Lair:3   | Found a staircase to the Swamp.
 13577 | Lair:4   | Got an ichor-stained trident
 13578 | Lair:4   | Identified the +8 trident of the Ancients {pierce, rN+ MR+}
                  | (You found it on level 4 of the Lair of Beasts)
 13596 | Lair:4   | Received a gift from Sif Muna
 14742 | Lair:5   | Reached **** piety under Sif Muna
 14902 | Lair:5   | Identified a scroll of acquirement
 14938 | Lair:5   | Identified Sif Muna's Grimoire of the Snowflakes (Sif Muna
                  | gifted it to you on level 5 of the Lair of Beasts)
 14938 | Lair:5   | Received a gift from Sif Muna
 15422 | Lair:6   | Entered Level 6 of the Lair of Beasts
 15887 | Lair:6   | Found a staircase to the Slime Pits.
 16397 | Lair:6   | Reached skill level 15 in Dodging
 16414 | Lair:6   | Found a large runed door.
 16415 | Lair:6   | Found a large runed door.
 16603 | Lair:6   | Got a steaming golden ring
 16616 | Lair:6   | Identified the ring "Vingif" {+Fly rPois Str+7 Dex-4
                  | Stlth-} (You found it on level 6 of the Lair of Beasts)
 16962 | Orc      | Entered the Orcish Mines
 17057 | Orc      | Received a gift from Sif Muna
 17057 | Orc      | Reached XP level 15. HP: 89/89 MP: 18/38
 17063 | Orc      | Noticed Saint Roka
 17201 | Orc      | Killed Saint Roka
 17201 | Orc      | Reached skill level 5 in Charms
 18089 | Orc      | Found Zatinan's Mass Market.
 18193 | Orc      | Reached ***** piety under Sif Muna
 18327 | Orc      | Found Vumamih's Antique Armour Shoppe.
 18327 | Orc      | Found Koobroa's Antique Armour Shop.
 18329 | Orc      | Found Fihimaid's Food Boutique.
 18331 | Orc      | Found Ohui's Armour Emporium.
 18473 | Orc      | Found a staircase to the Elven Halls.
 18581 | Orc      | Bought a glowing cloak for 142 gold pieces
 18758 | Spider:1 | Entered Level 1 of the Spider Nest
 18761 | Spider:1 | Identified Ciyd's Almanac of Earthen Displacement
 18793 | Spider:1 | Identified Sif Muna's Disquisition on Attacks (Sif Muna
                  | gifted it to you on level 1 of the Spider Nest)
 18793 | Spider:1 | Received a gift from Sif Muna
 18802 | Spider:1 | Learned a level 6 spell: Bolt of Fire
 18874 | Spider:1 | Noticed Asterion
 18899 | Spider:1 | Reached skill level 1 in Fire Magic
 18914 | Spider:1 | Found a transporter.
 19007 | Spider:1 | Found a transporter.
 19010 | Spider:1 | Noticed Josephine
 19013 | Spider:1 | Killed Josephine
 19140 | Spider:1 | Noticed an emperor scorpion
 19204 | Spider:1 | Noticed an emperor scorpion
 19224 | Spider:1 | Killed Asterion
 19371 | Spider:1 | HP: 2/133 [demonic crawler (7)]
 19371 | Spider:1 | Mangled by a wolf spider

Skill      XL: |  1  2  3  4  5  6  7  8  9 10 11 12 13 14 15 |
---------------+----------------------------------------------+-----
Conjurations   | 5 6 7 8 9 11 12 13 15 16 17 18 | 18.3
Dodging        | 3 4 5 7 8 10 11 13 15 16 | 16.1
Spellcasting   | 3 4 5 6 8 10 12 13 15 16 17 18 | 18.8
Stealth        | 2 3 4 |  4.1
Charms         | 1 3 4 5 |  5.6
Transmutations | 1 |  1.3
Ice Magic      | 1 2 |  2.1
Fire Magic     | 3 |  3.4
Summonings     | |  0.2

Action                   |  1- 3 |  4- 6 |  7- 9 | 10-12 | 13-15 || total
-------------------------+-------+-------+-------+-------+-------++-------
Melee: Quarterstaff      |       |       |       |     1 |       ||     1
 Cast: Magic Dart        |    54 |   109 |   233 |   257 |   403 ||  1056
       Iskenderun's Myst |       |    25 |    87 |   274 |   294 ||   680
       Irradiate         |       |       |       |    11 |       ||    11
       Summon Butterflie |       |       |       |     2 |       ||     2
       Ozocubu's Armour  |       |       |       |     1 |    20 ||    21
       Iskenderun's Batt |       |       |       |     8 |   101 ||   109
       Orb of Destructio |       |       |       |     2 |    63 ||    65
  Use: Scroll            |       |       |     9 |     9 |    12 ||    30
       Potion            |       |       |     7 |     2 |     7 ||    16
  Eat: Chunk             |       |     2 |     5 |    10 |    14 ||    31
       Ration            |       |       |     1 |     3 |     3 ||     7
Armor: Skin              |     2 |     6 |    17 |    14 |    55 ||    94
Dodge: Dodged            |    27 |    37 |    56 |   153 |   418 ||   691
Block: Other             |     3 |    13 |    18 |    56 |   129 ||   219
